 Dungeon Crawl Stone Soup version 0.21-a0-55-gb612c23 (webtiles) character file.

24090 grindst0ne the Unseen (level 12, 0/74 HPs)
             Began as a Vampire Enchanter on June 15, 2017.
             Was a Believer of Ru.
             Slain by a swamp worm (24 damage)
             ... on level 3 of the Lair of Beasts.
             The game lasted 00:51:29 (20891 turns).

grindst0ne the Unseen (Vampire Enchanter)          Turns: 20891, Time: 00:51:30

Health: 0/74       AC:  6    Str: 21    XL:     12   Next: 77%
Magic:  19/24      EV: 16    Int: 19    God:    Ru [**....]
Gold:   423        SH:  0    Dex: 20    Spells: 9/15 levels left

rFire    . . .     SeeInvis +   u - +3 short sword
rCold    + + +     Gourm    .   (no shield)
rNeg     + + +     Faith    .   w - +1 robe {rC+}
rPois    ∞         Spirit   .   O - +2 hat
rElec    .         Reflect  .   (no cloak)
rCorr    .         Harm     .   (no gloves)
MR       ++...                  j - +0 pair of boots
Stlth    +++++++++.             (no amulet)
HPRegen  0.00/turn              E - ring "Ugagodu" {MR+ Str+7 Dex+5 Stlth-}
MPRegen  0.19/turn              x - ring of Music {rN+ MP+9 Str+7 Dex-3 Stlth+}

@: bloodless, non-regenerating
A: fangs 3, see invisible, unbreathing, hated by all, cowardly
a: Bat Form, Renounce Religion


You were on level 3 of the Lair of Beasts.
You worshipped Ru.
Ru was pleased with you.
You were bloodless.

You visited 3 branches of the dungeon, and saw 14 of its levels.
You also visited: Ossuary and Volcano.

You collected 801 gold pieces.
You spent 378 gold pieces at shops.

Inventory:

Hand Weapons
 u - a +3 short sword (weapon)
Armour
 e - a +0 helmet
 j - a +0 pair of boots (worn)
 w - a +1 robe of cold resistance (worn)
 B - a +2 robe
 D - the +0 leather armour of Mentuxt {rElec rPois rC- Regen+}
   (You bought it in a shop on level 8 of the Dungeon)

   It makes you vulnerable to cold.
   It insulates you from electricity.
   It protects you from poison.
   It increases your rate of regeneration.
 K - a +3 leather armour of fire resistance
 O - a +2 hat (worn)
Jewellery
 m - an uncursed ring of magical power
 n - an uncursed ring of protection from magic
 x - the ring of Music (right hand) {rN+ MP+9 Str+7 Dex-3 Stlth+}
   (You found it in a volcano)

   [ring of magical power]

   It affects your strength (+7).
   It affects your dexterity (-3).
   It protects you from negative energy.
   It affects your magic capacity (+9).
   It makes you more stealthy.
 z - a +3 ring of intelligence
 E - the ring "Ugagodu" (left hand) {MR+ Str+7 Dex+5 Stlth-}
   (You found it on level 10 of the Dungeon)

   [ring of protection from magic]

   It affects your strength (+7).
   It affects your dexterity (+5).
   It affects your resistance to hostile enchantments.
   It makes you less stealthy.
Wands
 A - a wand of scattershot (3/9)
 F - a wand of digging (13/24)
 I - a wand of polymorph (13/24)
 L - a wand of flame (26/48)
 M - a wand of polymorph (3/24)
Scrolls
 a - a scroll of brand weapon {unknown}
 b - 3 scrolls of fear {unknown}
 d - 4 scrolls of amnesia {unknown}
 k - 4 scrolls of remove curse
 l - 7 scrolls of teleportation
 o - 2 scrolls of noise {unknown}
 p - 2 scrolls of holy word {unknown}
 t - a scroll of immolation {unknown}
 G - a scroll of blinking {unknown}
 P - a scroll of fog {unknown}
 R - a scroll of recharging {unknown}
Potions
 f - 4 potions of haste
 g - a potion of resistance
 h - a potion of mutation
 i - a potion of invisibility
 q - 36 potions of blood
 r - 3 potions of brilliance
 s - 3 potions of curing
 v - 2 potions of ambrosia
 H - a potion of might
 J - a potion of agility
 Q - a potion of heal wounds {unknown}
Books
 c - a book of Maledictions

   Spells                             Type                      Level
   a - Corona                         Hexes                        1
   b - Ensorcelled Hibernation        Hexes/Ice                    2
   c - Confuse                        Hexes                        3
   d - Tukima's Dance                 Hexes                        3
   e - Dazzling Spray                 Conjuration/Hexes            3
 y - a book of Cantrips

   Spells                             Type                      Level
   a - Confusing Touch                Hexes                        1
   b - Animate Skeleton               Necromancy                   1
   c - Summon Small Mammal            Summoning                    1
   d - Apportation                    Translocation                1
 C - a book of Battle

   Spells                             Type                      Level
   a - Infusion                       Charms                       1
   b - Shroud of Golubria             Charms/Translocation         2
   c - Song of Slaying                Charms                       2
   d - Spectral Weapon                Hexes/Charms                 3
   e - Regeneration                   Charms/Necromancy            3
 N - a book of Necromancy

   Spells                             Type                      Level
   a - Pain                           Necromancy                   1
   b - Animate Skeleton               Necromancy                   1
   c - Vampiric Draining              Necromancy                   3
   d - Regeneration                   Charms/Necromancy            3
   e - Animate Dead                   Necromancy                   4
   f - Control Undead                 Necromancy                   4


   Skills:
 + Level 5.0 Short Blades
 + Level 5.2 Dodging
 + Level 20.7 Stealth
 - Level 2.0 Spellcasting
 + Level 19.4 Hexes


You had 9 spell levels left.
You knew the following spells:

 Your Spells              Type           Power        Failure   Level  Hunger
a - Confuse               Hex            ######..     0%          3    ###....
b - Ensorcelled Hibernat  Hex/Ice        #####.       1%          2    ###....
o - Corona                Hex            ######.      0%          1    #......


Dungeon Overview and Level Annotations

Branches:
Dungeon (10/15)            Temple (1/1) D:6            Lair (3/6) D:8
  Swamp (0/4) Lair:3        Snake (0/4) Lair:3          Orc (0/2) D:9

Altars:
Ashenzari
Cheibriados
Dithmenos
Elyvilon
Fedhas
Gozag
Hepliaklqana
Kikubaaqudgha
Makhleb
Nemelex Xobeh
Okawaru
Qazlal
Ru
Sif Muna
Trog
Uskayaw
Vehumet
Wu Jian
Xom
Yredelemnul
Zin
The Shining One

Shops:
D:7 [   D:8 [


Innate Abilities, Weirdness & Mutations

You do not heal naturally.
You are immune to poison.
You have razor-sharp teeth.
You have supernaturally acute eyesight. (SInv)
You can survive without breathing.
You are hated by all.
Your cowardice makes you less effective in combat with threatening monsters.


Message History

The swamp worm looks drowsy...
The helpless swamp worm fails to defend itself.
You skewer the swamp worm like a kebab!!!!
You kill the swamp worm!
You see here a swamp worm corpse.
A swamp worm bursts forth from the water.
The swamp worm bites you!
Casting: Ensorcelled Hibernation
Confirm with . or Enter, or press ? or * to list all spells.
Aiming: Ensorcelled Hibernation
Press: ? - help, Shift-Dir - straight line, f - swamp worm
Aim: a swamp worm (chance to defeat MR: 73%)
The swamp worm looks drowsy...
The helpless swamp worm fails to defend itself.
You stick the swamp worm like a pincushion!!!!
You kill the swamp worm!
A swamp worm bursts forth from the water.
The swamp worm bites you! The swamp worm bites you!!
You die...

.........>..♣♣≈.§≈♣♣♣.#..........
............♣♣≈♣.≈♣♣#.P..........
..........<.♣♣≈.†≈♣♣.............
............♣♣≈..≈♣♣.............
............♣♣≈..≈♣♣.............
.....PPP....♣♣♣..♣♣♣.............
....#P.P..#..♣≈..≈♣..............
....#.....#..♣≈..≈♣....#....##.#.
...#.....#...♣≈.@w♣...#......#..#
.........##..♣≈♣.≈♣.....|........
.........#...♣♣..♣♣...##....#....
.........#P...♣..♣...###.....###.
....P#.####...♣..♣...###.....####
...PP.##.#......♣...[............
.................................
.................................
.................................


You could see a swamp worm.

Vanquished Creatures
  A hydra (D:8)
  Fannar (Lair:3)
  2 two-headed ogres (D:9)
  Nergalle (Lair:1)
  An unseen horror (D:10)
  3 black mambas
  5 elephants
  Joseph (D:7)
  6 spiny frogs
  A rime drake (Lair:2)
  2 komodo dragons
  Grinder (D:3)
  4 blink frogs (Lair:2)
  4 hippogriffs
  2 dream sheep (D:8)
  A wyvern (D:10)
  27 yaks
  A basilisk (Lair:3)
  A steam dragon (Volcano)
  4 swamp worms (Lair:3)
  2 nagas (Lair:3)
  10 water moccasins
  4 porcupines
  3 hell hounds (Volcano)
  Duvessa (D:4)
  5 orc warriors
  A sky beast (D:6)
  An ice beast (D:10)
  A phantom (D:10)
  2 black bears
  3 ogres
  An eye of draining (D:9)
  5 wolves (Lair:3)
  2 centaurs
  2 crocodiles
  4 elf zombies (Ossuary)
  3 big kobolds (D:8)
  10 bullfrogs
  2 wyvern zombies
  4 scorpions
  Dowan (D:4)
  6 killer bees (D:8)
  2 electric eels
  7 howler monkeys
  7 crimson imps
  A bullfrog zombie (D:5)
  4 centaur zombies
  3 hounds
  5 human zombies (Ossuary)
  4 jellies
  9 orc wizards
  A bullfrog skeleton (D:4)
  6 orc priests
  A gnoll shaman (D:8)
  2 iguanas (D:9)
  Natasha (thrice) (D:3)
  10 worker ants
  3 mummies (Ossuary)
  12 gnolls
  8 adders
  A shadow imp (D:7)
  2 oozes
  An adder zombie (D:7)
  3 adder skeletons
  10 worms
  2 dart slugs (D:1)
  9 leopard geckos
  30 orcs
  2 ball pythons
  10 bats
  4 giant cockroaches
  13 goblins
  10 hobgoblins
  2 jackals (D:8)
  13 kobolds
  2 quokkas (D:6)
  5 frilled lizards
  A leopard gecko zombie (D:5)
  6 rats
356 creatures vanquished.

Vanquished Creatures (others)
  17 fungi
  15 plants (D:8)
32 creatures vanquished.

Grand Total: 388 creatures vanquished

Notes
Turn   | Place    | Note
-------+----------+-------------------------------------------
     0 | D:1      | grindst0ne the Vampire Enchanter began the quest for the Orb.
     0 | D:1      | Reached XP level 1. HP: 13/13 MP: 3/3
     6 | D:1      | Noticed a ghoul
    10 | D:1      | Noticed a draconian
    16 | D:1      | Noticed a minotaur skeleton
    18 | D:1      | Noticed an ogre
   188 | D:1      | Reached skill level 5 in Stealth
   188 | D:1      | Reached XP level 2. HP: 19/19 MP: 5/5
   193 | D:1      | Learned a level 2 spell: Ensorcelled Hibernation
   234 | D:1      | Reached skill level 5 in Hexes
   681 | D:1      | Reached XP level 3. HP: 24/24 MP: 3/6
   686 | D:1      | Learned a level 3 spell: Confuse
  1530 | D:2      | Reached skill level 6 in Stealth
  1808 | D:2      | Reached XP level 4. HP: 30/30 MP: 6/7
  2216 | D:3      | Noticed Grinder
  2245 | D:3      | Reached skill level 7 in Stealth
  2454 | D:3      | You fall through a shaft for 2 floors!
  2454 | D:5      | Entered Level 5 of the Dungeon
  2479 | D:5      | Found a sand-covered staircase.
  2484 | Ossuary  | Entered an ossuary
  2512 | Ossuary  | Reached XP level 5. HP: 32/35 MP: 8/8
  2564 | Ossuary  | Reached skill level 8 in Stealth
  2998 | Ossuary  | Reached XP level 6. HP: 32/41 MP: 9/9
  4024 | Ossuary  | Reached skill level 9 in Stealth
  4078 | Ossuary  | Reached XP level 7. HP: 33/46 MP: 10/10
  4969 | D:4      | Reached skill level 10 in Stealth
  5244 | D:4      | Found a glowing golden altar of the Shining One.
  5244 | D:4      | Noticed Duvessa
  5244 | D:4      | Noticed Dowan
  5452 | D:4      | Reached skill level 10 in Hexes
  6347 | D:3      | Noticed Natasha
  6357 | D:3      | Killed Natasha
  6380 | D:3      | Killed Grinder
  6380 | D:3      | Reached skill level 11 in Stealth
  6380 | D:3      | Reached XP level 8. HP: 33/52 MP: 6/11
  7071 | D:3      | Noticed Natasha
  7082 | D:3      | Killed Natasha
  7187 | D:3      | Noticed Natasha
  7191 | D:3      | Killed Natasha
  7645 | D:4      | Killed Dowan
  7699 | D:4      | Killed Duvessa
  7833 | D:5      | Reached skill level 12 in Stealth
  7844 | D:5      | Found a hide-covered altar of Uskayaw.
  8427 | D:6      | Noticed a moth of wrath
  8429 | D:6      | Found a bloodstained altar of Trog.
  8740 | D:6      | Found a staircase to the Ecumenical Temple.
  8751 | Temple   | Entered the Ecumenical Temple
  8974 | Temple   | Became a worshipper of Ru the Awakened
  9039 | D:6      | Reached skill level 13 in Stealth
  9087 | D:6      | Found an ancient bone altar of Kikubaaqudgha.
  9239 | D:6      | Reached XP level 9. HP: 57/57 MP: 12/12
  9390 | D:6      | Found an opulent altar of Gozag.
  9556 | D:7      | Noticed Joseph
  9565 | D:7      | Killed Joseph
  9565 | D:7      | Reached skill level 14 in Stealth
  9682 | D:7      | Found a hazy altar of Hepliaklqana.
  9816 | D:7      | Found Wishrylu's Armour Shop.
  9824 | D:7      | Bought a +2 robe for 203 gold pieces
  9842 | D:7      | Found an iron altar of Okawaru.
  9920 | D:7      | Found a stormy altar of Qazlal.
 10728 | D:8      | Gained mutation: Your cowardice makes you less effective in combat with threatening monsters. [Ru sacrifice]
 10728 | D:8      | Reached * piety under Ru
 10807 | D:8      | Found Faniw's Antique Armour Emporium.
 10820 | D:8      | Reached skill level 15 in Stealth
 10897 | D:8      | Bought an encrusted leather armour for 175 gold pieces
 10907 | D:8      | Identified the +0 leather armour of Mentuxt {rElec rPois rC- Regen+} (You bought it in a shop on level 8 of the Dungeon)
 11324 | D:8      | Found a staircase to the Lair.
 11560 | D:8      | Reached XP level 10. HP: 63/63 MP: 13/13
 11875 | D:8      | Noticed a three-headed hydra
 11882 | D:8      | Killed a three-headed hydra
 11882 | D:8      | Reached skill level 16 in Stealth
 11882 | D:8      | Reached skill level 15 in Hexes
 12470 | D:9      | Noticed a two-headed ogre
 12757 | D:9      | Killed a two-headed ogre
 12757 | D:9      | Reached skill level 17 in Stealth
 12919 | D:9      | Found a staircase to the Orcish Mines.
 13443 | D:9      | Reached XP level 11. HP: 68/68 MP: 14/14
 13641 | D:9      | Gained mutation: You are hated by all. [Ru sacrifice]
 13641 | D:9      | Reached ** piety under Ru
 13742 | D:10     | Entered Level 10 of the Dungeon
 13901 | D:10     | Got a bound amber ring
 13903 | D:10     | Identified the ring "Ugagodu" {MR+ Str+7 Dex+5 Stlth-} (You found it on level 10 of the Dungeon)
 14943 | D:10     | Reached skill level 18 in Stealth
 14978 | D:10     | Noticed an unseen horror
 14985 | D:10     | Killed an unseen horror
 15186 | D:9      | Noticed a two-headed ogre
 16532 | D:9      | Killed a two-headed ogre
 17039 | Lair:1   | Entered Level 1 of the Lair of Beasts
 17081 | Lair:1   | Found a dark tunnel.
 17090 | Volcano  | Entered a volcano
 17113 | Volcano  | Got a flickering copper ring
 17161 | Lair:1   | Identified the ring of Music {rN+ MP+9 Str+7 Dex-3 Stlth+} (You found it in a volcano)
 17491 | Lair:1   | Noticed Nergalle
 17630 | Lair:1   | Killed Nergalle
 17630 | Lair:1   | Reached skill level 19 in Stealth
 19074 | Lair:2   | Reached XP level 12. HP: 74/74 MP: 15/15
 19263 | Lair:2   | Reached skill level 20 in Stealth
 20010 | Lair:3   | Found a staircase to the Snake Pit.
 20341 | Lair:3   | Noticed Fannar
 20347 | Lair:3   | Killed Fannar
 20574 | Lair:3   | Reached skill level 5 in Dodging
 20858 | Lair:3   | Found a staircase to the Swamp.
 20859 | Lair:3   | Reached skill level 5 in Short Blades
 20891 | Lair:3   | Slain by a swamp worm

Vault maps used:
D:1:      shiori_arrival_whats_in_store_for_you
D:2:      first_bread
D:3:      uniq_grinder, uniq_natasha
D:4:      corexii_shack_village, tso_metal_star, grunt_tough_drop, uniq_duvessa
D:5:      kennysheep_little_box, enter_ossuary_2
D:6:      lemuel_crystal_altar, tgw_trog, minmay_temple_entry_crystal_x,
          basic_altar
D:7:      lemuel_coloured_pillars_altar, kennysheep_mini, lemuel_crystal_altar,
          serial_curves, eino_curves_02, eino_curves_04, serial_shops,
          nicolae_shop_competitors_out_of_business, uniq_joseph
D:8:      grunt_lair_entry_orc_guard_hut, serial_shops, shop, hangedman_ranch
D:9:      wad_crossroads
D:10:     minmay_strange_pillars
Temple:   regret_index_temple_generic_petals
Lair:1:   nicolae_volcano_entry_hallway, serial_bayou_shore_a, uniq_nergalle
Lair:2:   grunt_megastairs_2, infiniplex_staircase_pool, lemuel_fruit_fields
Lair:3:   nicolae_swamp_entry_splash_gauntlet, guppyfry_snake_entry_garden,
          uniq_fannar
Ossuary:  ossuary_minmay_four_chambers
Volcano:  volcano_caves

Skill      XL: |  1  2  3  4  5  6  7  8  9 10 11 12 |
---------------+-------------------------------------+-----
Stealth        | 5 6 7 8 9 11 13 15 17 19 20 | 20.7
Hexes          | 5 6 7 8 10 12 14 16 18 19 | 19.4
Short Blades   | 5 |  5.0
Dodging        | 5 |  5.2
Spellcasting   | |  2.0

Action                   |  1- 3 |  4- 6 |  7- 9 | 10-12 || total
-------------------------+-------+-------+-------+-------++-------
Melee: Dagger            |    65 |   134 |    90 |       ||   289
       Bite              |     3 |    20 |    18 |    20 ||    61
       Short sword       |       |       |   149 |   253 ||   402
 Cast: Ensorcelled Hiber |    19 |     8 |   124 |   192 ||   343
       Confuse           |       |    18 |    13 |    15 ||    46
Invok: Sacrifice Courage |       |       |     1 |       ||     1
       Sacrifice Love    |       |       |       |     1 ||     1
       Reject Sacrifices |       |       |       |     1 ||     1
 Abil: End Transformatio |       |       |     1 |     5 ||     6
       Bat Form          |       |       |     1 |     5 ||     6
  Use: Scroll            |       |     7 |     5 |     6 ||    18
       Potion            |       |     6 |     9 |     6 ||    21
 Stab: Sleeping          |    27 |    17 |   114 |   149 ||   307
       Distracted        |     1 |       |       |       ||     1
       Confused          |       |    21 |    12 |    15 ||    48
       Invisible         |       |       |       |     1 ||     1
Armor: Robe              |     6 |     9 |    33 |    48 ||    96
Dodge: Dodged            |    26 |    26 |   121 |   156 ||   329
